 Dungeon Crawl Stone Soup version 0.24.0-13-gcf9b3192b9 (webtiles) character file.

Game seed: 13614949275228235781, levelgen mode: deterministic

1385 Froggeryz the Cleaver (level 8, -10/75 HPs)
             Began as a Deep Dwarf Artificer on Nov 6, 2019.
             Was a Believer of Makhleb.
             Splashed by a centaur's acid (17 damage)
             ... on level 7 of the Dungeon.
             The game lasted 00:14:25 (3322 turns).

Froggeryz the Cleaver (Deep Dwarf Artificer)        Turns: 3322, Time: 00:14:25

Health: -10/75     AC: 22    Str: 17    XL:     8   Next: 40%
Magic:  9/9        EV:  1    Int: 16    God:    Makhleb [**....]
Gold:   305        SH:  0    Dex: 13    Spells: 7/7 levels left

rFire    . . .     SeeInvis .   t - +0 war axe
rCold    . . .     Gourm    .   (no shield)
rNeg     + . .     Faith    .   D - +8 orange crystal plate armour {Archmagi, Int+3 Clar}
rPois    .         Spirit   .   q - +2 helmet
rElec    .         Reflect  .   r - scarf {cloud immunity}
rCorr    .         Harm     .   (no gloves)
MR       +....     Clarity  +   (no boots)
Stlth    ..........             (no amulet)
HPRegen  0.00/turn              E - ring of positive energy
MPRegen  0.11/turn              (no ring)

@: lethally poisoned (-10 -> -16), corroded, non-regenerating
A: damage resistance, heal wounds, sense surroundings 1, no regeneration
a: Heal Wounds, Minor Destruction, Renounce Religion


You were on level 7 of the Dungeon.
You worshipped Makhleb.
Makhleb was pleased with you.
You were hungry.

You visited 2 branches of the dungeon, and saw 8 of its levels.
You also visited: Ossuary.

You collected 305 gold pieces.

Inventory:

Hand Weapons
 a - a +0 short sword
 t - a +0 war axe (weapon)
 u - a +0 hunting sling of velocity
Missiles
 v - 21 sling bullets
Armour
 j - a +0 ring mail
 m - a +0 buckler
 q - a +2 helmet (worn)
 r - a scarf of cloud immunity (worn)
 D - the +8 orange crystal plate armour (worn) {Archmagi, Int+3 Clar}
   (You found it on level 6 of the Dungeon)

   It affects your intelligence (+3).
   It protects you against confusion.
 F - the +3 ring mail of Parts Unknown {rF+, unknown}
   (You found it on level 7 of the Dungeon)

   It protects you from fire.
Jewellery
 E - a ring of positive energy (left hand)
Wands
 c - a wand of digging (5)
 d - a wand of enslavement (6)
 e - a wand of random effects (5)
Scrolls
 b - 2 scrolls of teleportation
 h - 4 scrolls of remove curse
 k - 2 scrolls of enchant weapon {unknown}
 l - 2 scrolls of amnesia
 s - 3 scrolls of immolation
 x - 2 scrolls of fog
 y - 2 scrolls of blinking
Potions
 g - 4 potions of curing
 i - a potion of lignification {unknown}
 n - a potion of might {unknown}
 p - a potion of haste {unknown}
 w - a potion of degeneration {unknown}
 z - 2 potions of heal wounds
 A - a potion of cancellation {unknown}
 B - a potion of brilliance {unknown}
 C - a potion of mutation {unknown}
Comestibles
 f - 10 rations


   Skills:
 - Level 5.5 Fighting
 - Level 2.3 Short Blades
 * Level 8.1 Axes
 + Level 2.6 Armour
 - Level 2.1 Dodging
 - Level 1.2 Stealth
 - Level 4.0 Evocations


You had 7 spell levels left.
You didn't know any spells.
Your spell library contained the following spells:

 Spells                   Type           Power        Failure   Level  Hunger
 Corona                   Hex            #......      100%        1    ##.....
 Magic Dart               Conj           #...         100%        1    ##.....
 Searing Ray              Conj           #.....       100%        2    ###....
 Slow                     Hex            #.......     100%        2    ###....
 Dazzling Spray           Conj/Hex       #.....       100%        3    ####...
 Inner Flame              Hex/Fire       #.......     100%        3    ####...
 Portal Projectile        Hex/Tloc       #.....       100%        3    ####...
 Cause Fear               Hex            #.........   100%        4    #####..
 Force Lance              Conj/Tloc      #.......     100%        4    #####..
 Fulminant Prism          Conj/Hex       #.........   100%        4    #####..
 Iskenderun's Mystic Bla  Conj           #.......     100%        4    #####..
 Leda's Liquefaction      Hex/Erth       #.........   100%        4    #####..


Dungeon Overview and Level Annotations

Branches:
Dungeon (7/15)             Temple (1/1) D:4         Ossuary (visited)

Altars:
Ashenzari
Dithmenos
Elyvilon
Gozag
Hepliaklqana
Kikubaaqudgha
Makhleb
Okawaru
Ru
Sif Muna
Trog
Vehumet
Wu Jian
Xom
Yredelemnul
Zin
The Shining One


Innate Abilities, Weirdness & Mutations

You are resistant to damage.
You can heal yourself by infusing magical energy.
You passively map a small area around you.
You do not regenerate.


Message History

Aim: a gnoll sergeant, wielding a +4 spear of venom and wearing a +0 ring mail (heavily wounded, chance to defeat MR: 58%)
The gnoll sergeant resists with significant effort.
The now-empty wand crumbles to dust.
You feel sick.
The gnoll sergeant hits you but does no damage.
You are more poisoned.
The centaur hits you but does no damage.
Evoke which item? (* to show all) (? for menu, Esc to quit)
Aiming: Enslavement
Press: ? - help, Shift-Dir - straight line, f/p - gnoll sergeant
Aim: a gnoll sergeant, wielding a +4 spear of venom and wearing a +0 ring mail (heavily wounded, chance to defeat MR: 58%)
The gnoll sergeant is charmed.
You feel very sick.
The centaur hits you but does no damage. x2
You feel sick.
The centaur hits you but does no damage.
You feel very sick.
The centaur zaps a wand.
The bolt of acid hits you!!
* * * LOW HITPOINT WARNING * * *
The acid corrodes you!
You are splashed with acid!!
You die...

.# ###.### , .# * .#
#.....# #...# * ##
#.#.#.# ####...##
#.#.#.# #.......#
#.#.#.###.##.... * * #
#.#........#..., * ,
#####.....###..#.. # *
....)....##*#..#.# ... *
########....#†)#@#.....,
#......))gc...... ,
#..#.#..#..#...#.
#.......#..# .##
##...........,# *
#..##.##..###* #..
#.#.#.. , , #. .. # .##
## ..


You could see a centaur and a friendly gnoll sergeant.

Vanquished Creatures
  A sky beast (D:5)
  2 ogres
  An elf zombie (Ossuary)
  2 bullfrogs
  2 scorpions
  A crimson imp (D:6)
  2 jellies (D:7)
  A human zombie (Ossuary)
  2 hounds
  2 orc priests
  A bullfrog skeleton (D:4)
  An iguana (D:5)
  Natasha (twice) (D:2)
  3 orc wizards
  4 worker ants
  2 big kobold zombies (Ossuary)
  4 mummies (Ossuary)
  5 gnolls
  9 adders
  2 shadow imps (D:5)
  An ooze (D:2)
  An adder skeleton (D:4)
  An adder zombie (Ossuary)
  4 worms
  A dart slug (D:2)
  2 leopard geckos
  11 orcs
  A giant cockroach (D:2)
  7 hobgoblins
  4 jackals (D:5)
  5 kobolds
  3 ball pythons
  7 bats
  3 frilled lizards
  3 goblins
  2 goblin zombies (Ossuary)
  2 jackal zombies (Ossuary)
  A kobold zombie (Ossuary)
  A rat (D:1)
109 creatures vanquished.

Vanquished Creatures (collateral kills)
  An adder zombie (Ossuary)
  A giant cockroach (D:3)
  A hobgoblin zombie (Ossuary)
  A kobold (D:3)
4 creatures vanquished.

Vanquished Creatures (others)
  2 gnolls (D:3)
2 creatures vanquished.

Grand Total: 115 creatures vanquished

Notes
Turn   | Place    | Note
-------+----------+-------------------------------------------
     0 | D:1      | Froggeryz the Deep Dwarf Artificer began the quest for the
                  | Orb.
     0 | D:1      | Reached XP level 1. HP: 16/16 MP: 3/3
    15 | D:1      | Reached skill level 1 in Short Blades
   128 | D:1      | Reached XP level 2. HP: 19/24 MP: 5/5
   169 | D:1      | Reached skill level 1 in Fighting
   655 | D:2      | Reached XP level 3. HP: 25/31 MP: 6/6
   726 | D:2      | Noticed Natasha
   810 | D:3      | Reached XP level 4. HP: 13/40 MP: 7/7
   884 | D:2      | Killed Natasha
  1160 | D:2      | Noticed Natasha
  1170 | D:2      | Killed Natasha
  1363 | D:4      | Noticed an ogre
  1368 | D:4      | Killed an ogre
  1368 | D:4      | Reached XP level 5. HP: 22/51 MP: 8/8
  1568 | D:3      | Reached skill level 5 in Fighting
  1568 | D:3      | Reached XP level 6. HP: 30/61 MP: 9/9
  1655 | D:4      | Found a staircase to the Ecumenical Temple.
  1666 | Temple   | Entered the Ecumenical Temple
  1754 | Temple   | Became a worshipper of Makhleb the Destroyer
  1954 | D:5      | Entered Level 5 of the Dungeon
  2152 | D:5      | Noticed a sky beast
  2204 | D:5      | Reached skill level 1 in Axes
  2318 | D:5      | Reached skill level 2 in Axes
  2519 | D:5      | Killed a sky beast
  2519 | D:5      | Reached skill level 3 in Axes
  2519 | D:5      | Reached XP level 7. HP: 23/67 MP: 9/9
  2628 | D:6      | Reached skill level 4 in Axes
  2676 | D:6      | Found a sand-covered staircase.
  2680 | Ossuary  | Entered an ossuary
  2697 | Ossuary  | Reached * piety under Makhleb
  2707 | Ossuary  | Reached skill level 5 in Axes
  2784 | Ossuary  | Reached skill level 6 in Axes
  2878 | D:6      | Found the +8 orange crystal plate armour {Archmagi, Int+3
                  | Clar}
  2988 | D:6      | Reached XP level 8. HP: 50/75 MP: 9/9
  3080 | D:7      | Reached skill level 7 in Axes
  3102 | D:7      | Reached skill level 1 in Armour
  3166 | D:7      | Got a warped ring mail
  3169 | D:7      | Found an ornate altar of the Wu Jian Council.
  3297 | D:7      | Reached skill level 8 in Axes
  3309 | D:7      | Reached ** piety under Makhleb
  3322 | D:7      | Splashed by a centaur's acid

Levels and vault maps discovered:
D:1:      psy_arrival_statuary, layout_basic, lemuel_another_geyser
D:2:      layout_basic, first_ration, uniq_natasha
D:3:      layout_rooms, hangedman_abyss_or_decor_lesser_grid, chequers_garden,
          nicolae_ru_path_of_blood
D:4:      layout_layer_cave, minmay_temple_entry_mist
D:5:      minmay_general_purpose_star, layout_basic
D:6:      layout_rooms, enter_ossuary_5
D:7:      layout_loops_cross, lemuel_crystal_altar
Temple:   minmay_crystal_snake_temple

Skill      XL: |  1  2  3  4  5  6  7  8 |
---------------+-------------------------+-----
Short Blades   | 2 |  2.3
Fighting       | 1 2 4 5 |  5.5
Axes           | 3 6 8 |  8.1
Armour         | 2 |  2.6
Dodging        | |  2.1
Stealth        | |  1.2
Evocations     | |  4.0

Action                   |  1- 3 |  4- 6 |  7- 9 || total
-------------------------+-------+-------+-------++-------
Melee: Short sword       |    95 |   159 |       ||   254
       War axe           |       |    49 |   151 ||   200
 Fire: Hunting sling     |       |    28 |     9 ||    37
 Abil: Heal Wounds       |       |     6 |     2 ||     8
Evoke: Wand              |    14 |    13 |    16 ||    43
  Use: Scroll            |       |     2 |     6 ||     8
       Potion            |       |       |     1 ||     1
 Stab: Sleeping          |     1 |       |       ||     1
       Betrayed ally     |       |     1 |       ||     1
       Paralysed         |       |       |    19 ||    19
  Eat: Chunk             |       |     5 |     3 ||     8
Armor: Leather armour    |     2 |       |       ||     2
       Ring mail         |    43 |    87 |    32 ||   162
       Crystal plate arm |       |       |   132 ||   132
Dodge: Dodged            |    72 |   129 |    67 ||   268
